AoeStats
← kurmanaliev969

Black Forest

510381333Analyzed
3v3 RM · 1d ago on Sep 30, 2026· 86m 39s· 6 players
Game mode
Random Map
Map size
Normal (6 player)
Population
200
Speed
Normal
Resources
Standard
Victory
Conquest
Starting age
Dark Age
Ending age
Imperial Age
RankedLock teamsTeams togetherTeam positionsShared explorationLock speedFull tech treeHidden civsTurbo modeCheats
Victory
Defeat
🇰🇬 Bohemians · Kyrgyzstan
468
+24
🇩🇪 Slavs · Germany
416
+17
🇰🇬 Danes · Kyrgyzstan
416
+18
🇩🇪 Berbers · Germany
461
-17
🇨🇳 Teutons · China
459
-17
🇮🇪 Britons · Ireland
443
-17
RaphiniaOneLove
6:27 Loom
11:21 Feudal Age
11:01 Loom
12:08 Double-Bit Axe
12:07 Horse Collar
15:00 Wheelbarrow
18:15 Stone Mining
18:15 Gold Mining
23:21 Castle Age
24:12 Bow Saw
24:06 Heavy Plow
24:43 Stone Shaft Mining
24:44 Gold Shaft Mining
25:37 Hand Cart
34:44 Ballistics
34:35 Masonry
37:16 Imperial Age
35:14 Caravan
40:30 Coinage
41:26 Chemistry
40:17 Heated Shot
39:53 Pikeman
40:33 Squires
40:19 Arson
40:19 Gambesons
39:55 Elite Varangian Guard
40:48 Loom
40:49 Town Watch
40:34 Onager
41:24 Siege Engineers
41:15 Halberdier
43:22 Banking
42:30 Elite Jomsviking
42:30 Hamask
42:31 Northmen's Fury
44:40 Scale Mail Armor
44:52 Forging
44:33 Fletching
44:43 Padded Archer Armor
45:45 Conscription
45:42 Cranequins
47:35 Heavy Mounted Crossbowman
48:49 Siege Onager
50:11 Chain Mail Armor
50:32 Iron Casting
50:13 Leather Archer Armor
53:55 Murder Holes
54:35 Plate Mail Armor
55:05 Blast Furnace
54:01 Bodkin Arrow
54:37 Ring Archer Armor
57:54 Bracer
59:34 Hoardings
66:23 Heavy Scorpion
kurmanaliev969
11:43 Feudal Age
12:37 Double-Bit Axe
13:21 Horse Collar
21:16 Castle Age
20:19 Gold Mining
20:20 Stone Mining
22:49 Bow Saw
22:46 Heavy Plow
26:18 Wheelbarrow
27:10 Fortified Wall
27:29 Ballistics
29:02 Hand Cart
34:00 Imperial Age
33:54 Detinets
34:01 Caravan
34:54 Elite Boyar
37:58 Coinage
40:03 Hoardings
39:49 Scale Barding Armor
39:46 Padded Archer Armor
39:37 Fletching
39:48 Scale Mail Armor
40:27 Onager
41:58 Pikeman
42:40 Squires
45:39 Banking
45:39 Chain Barding Armor
45:36 Leather Archer Armor
45:38 Chain Mail Armor
45:34 Forging
45:20 Bodkin Arrow
46:49 Conscription
46:43 Druzhina
47:49 Siege Onager
47:55 Capped Ram
50:14 Two-Man Saw
50:20 Plate Barding Armor
51:32 Elite Skirmisher
51:45 Halberdier
51:47 Man-at-Arms
54:50 Ring Archer Armor
54:51 Plate Mail Armor
54:57 Iron Casting
55:01 Long Swordsman
55:13 Siege Ram
56:10 Town Watch
77:49 Two-Handed Swordsman
81:25 Champion
Karcoza
12:11 Feudal Age
17:32 Castle Age
15:43 Horse Collar
15:51 Double-Bit Axe
20:33 Bow Saw
21:11 Fervor
21:08 Heavy Plow
21:51 Caravan
27:41 Fletching
27:51 Padded Archer Armor
28:04 Forging
31:22 Wagenburg Tactics
30:57 Elite Skirmisher
30:58 Crossbowman
32:22 Leather Archer Armor
32:03 Bodkin Arrow
32:44 Iron Casting
33:04 Redemption
37:12 Imperial Age
35:24 Wheelbarrow
36:23 Pikeman
37:03 Squires
36:49 Arson
37:38 Sanctity
38:25 Hand Cart
38:54 Conscription
38:02 Elite Hussite Wagon
39:14 Ballistics
39:54 Chemistry
39:51 Hussite Reforms
39:27 Arbalester
39:51 Onager
40:50 Halberdier
40:51 Man-at-Arms
42:48 Loom
42:50 Town Watch
45:59 Two-Man Saw
46:05 Blast Furnace
45:06 Bracer
45:36 Ring Archer Armor
45:07 Scale Mail Armor
45:23 Town Patrol
45:59 Illumination
46:12 Theocracy
45:53 Long Swordsman
46:15 Houfnice
46:31 Two-Handed Swordsman
46:37 Capped Ram
49:15 Devotion
50:54 Bombard Tower
50:19 Arrowslits
50:46 Fortified Wall
50:32 Murder Holes
50:49 Masonry
50:46 Siege Engineers
50:22 Champion
58:49 Coinage
58:31 Guilds
86:20 Sappers
87:30 Coinage
daveofempires
13:50 Feudal Age
15:07 Wheelbarrow
14:21 Double-Bit Axe
14:19 Horse Collar
17:03 Gold Mining
20:32 Padded Archer Armor
20:26 Fletching
20:40 Scale Mail Armor
20:53 Forging
31:24 Castle Age
32:32 Hand Cart
32:27 Heavy Plow
32:41 Bow Saw
33:09 Gold Shaft Mining
32:56 Leather Archer Armor
34:30 Crossbowman
38:19 Bodkin Arrow
39:28 Chain Mail Armor
40:27 Ballistics
42:11 Iron Casting
41:03 Pikeman
41:45 Squires
41:39 Treadmill Crane
43:14 Stone Mining
43:18 Town Watch
43:20 Loom
44:16 Scale Barding Armor
44:14 Town Patrol
47:08 Imperial Age
47:56 Town Patrol
48:32 Ring Archer Armor
48:03 Bracer
49:04 Blast Furnace
48:35 Plate Mail Armor
48:25 Chain Barding Armor
50:40 Chemistry
49:20 Halberdier
49:47 Arson
52:43 Arbalester
53:28 Cranequins
54:54 Elite Genitour
54:58 Heavy Mounted Crossbowman
57:40 Chain Barding Armor
57:25 Caravan
57:39 Guilds
58:01 Coinage
57:28 Man-at-Arms
57:57 Gambesons
57:36 Capped Ram
57:40 Onager
58:48 Conscription
58:54 Yeomen
59:55 Elite Skirmisher
61:14 Plate Barding Armor
65:38 Long Swordsman
66:19 Two-Handed Swordsman
amk1285
16:14 Feudal Age
14:29 Loom
17:09 Horse Collar
17:17 Double-Bit Axe
18:48 Wheelbarrow
17:59 Town Watch
24:23 Gold Mining
24:23 Stone Mining
30:43 Stone Mining
35:10 Castle Age
33:21 Scale Barding Armor
33:17 Scale Mail Armor
33:17 Padded Archer Armor
37:34 Stone Shaft Mining
37:35 Gold Shaft Mining
37:22 Hand Cart
37:17 Heavy Plow
37:34 Bow Saw
40:36 Town Patrol
45:41 Leather Archer Armor
45:41 Chain Mail Armor
45:47 Chain Barding Armor
45:37 Forging
53:53 Imperial Age
56:35 Iron Casting
55:51 Fletching
56:50 Crop Rotation
56:55 Ring Archer Armor
56:56 Plate Mail Armor
57:02 Plate Barding Armor
57:15 Thumb Ring
56:31 Crossbowman
56:31 Elite Genitour
56:32 Heavy Cavalry Archer
56:33 Elite Skirmisher
58:43 Blast Furnace
57:52 Siphons
58:07 Shipwright
57:58 Fortified Wall
57:38 Guard Tower
58:09 Ballistics
57:33 Treadmill Crane
58:05 Careening
58:24 Illumination
58:00 Devotion
58:36 Theocracy
57:56 Herbal Medicine
58:22 Heresy
58:13 Redemption
58:03 Atonement
58:14 Fervor
60:45 Bodkin Arrow
60:42 Heated Shot
60:48 Murder Holes
61:03 Clinker Construction
60:59 Siege Engineers
61:06 Masonry
62:11 Kasbah
62:48 Hoardings
62:37 Arrowslits
3119395234
0:55 Loom
15:38 Feudal Age
16:13 Gold Mining
16:13 Stone Mining
17:02 Wheelbarrow
16:10 Horse Collar
16:36 Double-Bit Axe
19:56 Town Watch
26:47 Castle Age
29:09 Coinage
28:42 Caravan
30:10 Hand Cart
29:56 Town Patrol
30:10 Heavy Plow
30:47 Bow Saw
32:20 Stone Shaft Mining
42:58 Imperial Age
40:55 Fortified Wall
41:06 Ballistics
41:01 Forging
40:52 Scale Mail Armor
40:58 Scale Barding Armor
40:44 Fletching
43:12 Iron Casting
42:55 Chain Mail Armor
44:12 Heavy Scorpion
45:58 Chemistry
44:43 Arrowslits
45:10 Masonry
46:06 Blast Furnace
45:02 Bodkin Arrow
45:42 Banking
45:23 Guilds
45:50 Crop Rotation
46:35 Two-Man Saw
48:34 Plate Mail Armor
47:33 Onager
48:51 Siege Onager
49:59 Conscription
50:49 Elite Teutonic Knight
51:50 Ironclad
51:02 Sappers
52:14 Hoardings
51:04 Cavalier
53:16 Siphons
53:34 Bombard Tower
53:06 Paladin
54:38 Capped Ram
67:29 Pikeman
68:10 Squires
67:56 Arson
67:58 Gambesons
67:34 Man-at-Arms
69:43 Chain Barding Armor
69:24 Padded Archer Armor
69:28 Halberdier
73:13 Long Swordsman
Connection lost

Rejoining the realm…

Still unreachable

The connection could not be restored.

Session expired

The server has moved on; the page needs a fresh start.